IL
LOUISVILLE BATS @ GWINNETT BRAVES
08/25/2044
 
TOP OF THE 1ST
Louisville Bats batting - Pitching for Gwinnett Braves : RHP Dantae Elizondo
Pitching: RHP Dantae Elizondo
Batting: RHB Willie Lazcano 0-0: Ball
1-0: Called Strike
1-1: Ground out 3-1 (Groundball, 34S, EV 86.9 MPH)
Batting: RHB Chase Briney 0-0: Ball
1-0: Ball
2-0: Called Strike
2-1: Called Strike
2-2: Ball
3-2: Strikes out looking
Batting: LHB Randy Racine 0-0: Ball
1-0: Foul Ball, location: 2F
1-1: Called Strike
1-2: Ball
2-2: SINGLE (Line Drive, 7, EV 86.9 MPH)
Batting: SHB Tim Utz 0-0: Ball
1-0: Foul Ball, location: 2F
1-1: Swinging Strike
1-2: Foul Ball, location: 2F
1-2: Strikes out looking
Top of the 1st over - 0 runs, 1 hit, 0 errors, 1 left on base; Louisville 0 - Gwinnett 0
BOTTOM OF THE 1ST
Gwinnett Braves batting - Pitching for Louisville Bats : RHP Matt Flink
Pitching: RHP Matt Flink
Batting: RHB Alex Munoz 0-0: Swinging Strike
0-1: Swinging Strike
0-2: Ball
1-2: Strikes out swinging
Batting: RHB Josh Whitmore 0-0: Swinging Strike
0-1: Ball
1-1: Ground out 5-3 (Groundball, 56S, EV 64.4 MPH)
Batting: LHB Ricky Ayon 0-0: Ball
1-0: Ground out U3 (Groundball, 3L, EV 79.4 MPH)
Bottom of the 1st over - 0 runs, 0 hits, 0 errors, 0 left on base; Louisville 0 - Gwinnett 0
TOP OF THE 2ND
Louisville Bats batting - Pitching for Gwinnett Braves : RHP Dantae Elizondo
Batting: SHB Paul Sandoval 0-0: Foul Ball, location: 2F
0-1: Foul Ball, location: 2F
0-2: SINGLE (Groundball, 4MD, EV 101.9 MPH)
Batting: RHB Danny Real 0-0: Called Strike
0-1: Fly out, F7 (Line Drive, 7, EV 95.0 MPH)
Batting: RHB Chris Zamora 0-0: Swinging Strike
0-1: Ball
1-1: Fly out, F8 (Flyball, 8RXD, EV 106.3 MPH)
Batting: RHB Gerald de Vries 0-0: Ball
1-0: Called Strike
1-1: Called Strike
Paul Sandoval is caught stealing 2nd base 2-4
Top of the 2nd over - 0 runs, 1 hit, 0 errors, 0 left on base; Louisville 0 - Gwinnett 0
BOTTOM OF THE 2ND
Gwinnett Braves batting - Pitching for Louisville Bats : RHP Matt Flink
Batting: RHB Jake Lang 0-0: Ball
1-0: Called Strike
1-1: Ball
2-1: Ball
3-1: Foul Ball, location: 2F
3-2: Foul Ball, location: 2F
3-2: Foul Ball, location: 2F
3-2: Foul Ball, location: 2F
3-2: Ground out 5-3 (Groundball, 56, EV 96.9 MPH)
Batting: LHB Jose Chinchilla 0-0: Fly out, F9 (Flyball, 9LD, EV 111.9 MPH)
Batting: RHB Jesse Lester 0-0: Bunted foul
0-1: Called Strike
0-2: Ball
1-2: Ball
2-2: Ball
3-2: Ground out U3 (Groundball, 13, EV 85.6 MPH)
Bottom of the 2nd over - 0 runs, 0 hits, 0 errors, 0 left on base; Louisville 0 - Gwinnett 0
TOP OF THE 3RD
Louisville Bats batting - Pitching for Gwinnett Braves : RHP Dantae Elizondo
Batting: RHB Gerald de Vries 0-0: Ground out 5-3 (Groundball, 56S, EV 88.8 MPH)
Batting: RHB Yasusaburo Kuwahara 0-0: Foul Ball, location: 2F
0-1: Fly out, F3 (Flyball, 3D, EV 90.0 MPH)
Batting: RHB Willie Lazcano 0-0: Swinging Strike
0-1: Ball
1-1: Hit by Pitch
Batting: RHB Chase Briney 0-0: Ball
Willie Lazcano steals 2nd base (no throw)
1-0: Ball
2-0: Foul Ball, location: 2F
2-1: Ground out 5-3 (Groundball, 56, EV 90.6 MPH)
Top of the 3rd over - 0 runs, 0 hits, 0 errors, 1 left on base; Louisville 0 - Gwinnett 0
BOTTOM OF THE 3RD
Gwinnett Braves batting - Pitching for Louisville Bats : RHP Matt Flink
Batting: RHB T.J. Jordan 0-0: Called Strike
0-1: Foul Ball, location: 2F
0-2: Ball
1-2: Fly out, F4 (Popup, 4M, EV 55.0 MPH)
Batting: RHB Ethan McCullough 0-0: Ground out 3-1 (Groundball, 34, EV 86.3 MPH)
Batting: SHB Tim Rodgers 0-0: Ball
1-0: Ball
2-0: Ground out 6-3 (Groundball, 6MS, EV 61.9 MPH)
Bottom of the 3rd over - 0 runs, 0 hits, 0 errors, 0 left on base; Louisville 0 - Gwinnett 0
TOP OF THE 4TH
Louisville Bats batting - Pitching for Gwinnett Braves : RHP Dantae Elizondo
Batting: LHB Randy Racine 0-0: Ground out 4-3 (Groundball, 4, EV 88.1 MPH)
Batting: SHB Tim Utz 0-0: Ball
1-0: Called Strike
1-1: Ball
2-1: Called Strike
2-2: SINGLE (Flyball, 5D, EV 93.1 MPH)
Batting: SHB Paul Sandoval 0-0: SINGLE (Flyball, 6MD, EV 91.3 MPH)
Tim Utz to second
Batting: RHB Danny Real 0-0: Called Strike
0-1: Ball
1-1: Ball
2-1: Foul Ball, location: 2F
2-2: Foul Ball, location: 2F
2-2: Grounds into double play, 6-4-3 (Groundball, 6, EV 100.0 MPH)
Top of the 4th over - 0 runs, 2 hits, 0 errors, 1 left on base; Louisville 0 - Gwinnett 0
BOTTOM OF THE 4TH
Gwinnett Braves batting - Pitching for Louisville Bats : RHP Matt Flink
Batting: RHB Alex Munoz 0-0: Called Strike
0-1: Foul Ball, location: 2F
0-2: Ground out 6-3 (Groundball, 6S, EV 60.0 MPH)
Batting: RHB Josh Whitmore 0-0: Called Strike
0-1: Fly out, F5 (Flyball, 56D, EV 84.4 MPH)
Batting: LHB Ricky Ayon 0-0: Swinging Strike
0-1: Called Strike
0-2: Foul Ball, location: 2F
0-2: Ball
1-2: Foul Ball, location: 2F
1-2: SINGLE (Groundball, 4D, EV 95.0 MPH)
Batting: RHB Jake Lang 0-0: Ball
Ricky Ayon steals 2nd base
1-0: Foul Ball, location: 2F
1-1: Ball
2-1: Swinging Strike
2-2: Ball
3-2: SINGLE (Line Drive, 9S, EV 100.6 MPH)
Ricky Ayon to third
Runner from 3rd tries for Home, SAFE, throw by RF to home
Batting: LHB Jose Chinchilla 0-0: Foul Ball, location: 2F
0-1: Ball
1-1: Foul Ball, location: 2F
1-2: Foul Ball, location: 2F
1-2: Ball
2-2: Foul Ball, location: 2F
2-2: Ball
3-2: Fly out, F5 (Flyball, 56D, EV 95.6 MPH)
Bottom of the 4th over - 1 run, 2 hits, 0 errors, 1 left on base; Louisville 0 - Gwinnett 1
TOP OF THE 5TH
Louisville Bats batting - Pitching for Gwinnett Braves : RHP Dantae Elizondo
Batting: RHB Chris Zamora 0-0: Ball
1-0: Called Strike
1-1: Ball
2-1: Swinging Strike
2-2: Foul Ball, location: 2F
2-2: Ball
3-2: Ground out 5-3 (Groundball, 56S, EV 74.4 MPH)
Batting: RHB Gerald de Vries 0-0: Called Strike
0-1: Ball
1-1: Swinging Strike
1-2: Strikes out swinging
Batting: RHB Yasusaburo Kuwahara 0-0: Called Strike
0-1: Ball
1-1: Called Strike
1-2: Ball
2-2: Ground out 5-3 (Groundball, 5S, EV 84.4 MPH)
Top of the 5th over - 0 runs, 0 hits, 0 errors, 0 left on base; Louisville 0 - Gwinnett 1
BOTTOM OF THE 5TH
Gwinnett Braves batting - Pitching for Louisville Bats : RHP Matt Flink
Batting: RHB Jesse Lester 0-0: Called Strike
0-1: Ball
1-1: Called Strike
1-2: Foul Ball, location: 2F
1-2: Foul Ball, location: 2F
1-2: Strikes out looking
Batting: RHB T.J. Jordan 0-0: Called Strike
0-1: Ball
1-1: Ball
2-1: Ball
3-1: Called Strike
3-2: Fly out, F8 (Flyball, 8LM, EV 81.3 MPH)
Batting: RHB Ethan McCullough 0-0: Foul Ball, location: 2F
0-1: Swinging Strike
0-2: Ball
1-2: Foul Ball, location: 2F
1-2: Foul Ball, location: 2F
1-2: Ball
2-2: Foul Ball, location: 2F
2-2: Strikes out swinging
Bottom of the 5th over - 0 runs, 0 hits, 0 errors, 0 left on base; Louisville 0 - Gwinnett 1
TOP OF THE 6TH
Louisville Bats batting - Pitching for Gwinnett Braves : RHP Dantae Elizondo
Batting: RHB Willie Lazcano 0-0: Foul Ball, location: 2F
0-1: Ground out 4-3 (Groundball, 4, EV 86.3 MPH)
Batting: RHB Chase Briney 0-0: Fly out, F8 (Flyball, 78M, EV 90.6 MPH)
Batting: LHB Randy Racine 0-0: Swinging Strike
0-1: Ball
1-1: Called Strike
1-2: Ball
2-2: Foul Ball, location: 2F
2-2: Ball
3-2: Fly out, F7 (Flyball, 7LM, EV 92.5 MPH)
Top of the 6th over - 0 runs, 0 hits, 0 errors, 0 left on base; Louisville 0 - Gwinnett 1
BOTTOM OF THE 6TH
Gwinnett Braves batting - Pitching for Louisville Bats : RHP Matt Flink
Batting: SHB Tim Rodgers 0-0: Ball
1-0: Ground out U3 (Groundball, 3, EV 105.0 MPH)
Batting: RHB Alex Munoz 0-0: Ball
1-0: Called Strike
1-1: Swinging Strike
1-2: Strikes out swinging
Batting: RHB Josh Whitmore 0-0: Called Strike
0-1: Foul Ball, location: 2F
0-2: Foul Ball, location: 2F
0-2: Foul Ball, location: 2F
0-2: Ground out U3 (Groundball, 34S, EV 90.0 MPH)
Bottom of the 6th over - 0 runs, 0 hits, 0 errors, 0 left on base; Louisville 0 - Gwinnett 1
TOP OF THE 7TH
Louisville Bats batting - Pitching for Gwinnett Braves : RHP Dantae Elizondo
Batting: SHB Tim Utz 0-0: Ball
1-0: Ball
2-0: Ball
3-0: Base on Balls
Batting: SHB Paul Sandoval 0-0: Ball
1-0: Fielders Choice at 2nd, 5-4 (Groundball, 5, EV 85.0 MPH)
Batting: RHB Danny Real 0-0: Ball
1-0: Fly out, F8 (Flyball, 8LD, EV 90.6 MPH)
Batting: RHB Chris Zamora 0-0: Called Strike
0-1: Called Strike
Paul Sandoval is caught stealing 2nd base 2-4
Top of the 7th over - 0 runs, 0 hits, 0 errors, 0 left on base; Louisville 0 - Gwinnett 1
BOTTOM OF THE 7TH
Gwinnett Braves batting - Pitching for Louisville Bats : RHP Matt Flink
Batting: LHB Ricky Ayon 0-0: Ball
1-0: Ball
2-0: Foul Ball, location: 2F
2-1: Foul Ball, location: 2F
2-2: Ball
3-2: DOUBLE (Line Drive, 9LM, EV 104.4 MPH)
Pitching: RHP Casey Truax
Batting: RHB Jake Lang 0-0: Called Strike
0-1: Swinging Strike
0-2: Foul Ball, location: 2F
0-2: Ball
1-2: Ball
2-2: Ball
3-2: Foul Ball, location: 2F
3-2: Foul Ball, location: 2F
3-2: Strikes out looking
Batting: LHB Jose Chinchilla 0-0: Intentional Walk
Batting: RHB Jesse Lester 0-0: Called Strike
0-1: Hit by Pitch
Ricky Ayon to third
Jose Chinchilla to second
Batting: RHB T.J. Jordan 0-0: Grounds into double play, 5-2-3 (Groundball, 5S, EV 86.3 MPH)
Bottom of the 7th over - 0 runs, 1 hit, 0 errors, 2 left on base; Louisville 0 - Gwinnett 1
TOP OF THE 8TH
Louisville Bats batting - Pitching for Gwinnett Braves : RHP Dantae Elizondo
Batting: RHB Chris Zamora 0-0: Ball
1-0: Ball
2-0: SINGLE (Groundball, 56S, EV 70.6 MPH) (infield hit)
Batting: RHB Gerald de Vries 0-0: Ball
1-0: Foul Ball, location: 2F
1-1: Called Strike
1-2: Fly out, F8 (Flyball, 8LM, EV 87.5 MPH)
Pitching: LHP Mario Jimenez
Batting: RHB Yasusaburo Kuwahara 0-0: Ball
Wild Pitch!
Chris Zamora to second
1-0: Ball
2-0: Called Strike
2-1: Ball
3-1: Swinging Strike
3-2: Foul Ball, location: 2F
3-2: Strikes out swinging
Batting: RHB Willie Lazcano 0-0: Ball
1-0: Fly out, F6 (Popup, 6M, EV 52.5 MPH)
Top of the 8th over - 0 runs, 1 hit, 0 errors, 1 left on base; Louisville 0 - Gwinnett 1
BOTTOM OF THE 8TH
Gwinnett Braves batting - Pitching for Louisville Bats : RHP Casey Truax
Pitching: LHP Logan Moultry
Batting: RHB Ethan McCullough 0-0: Foul Ball, location: 2F
0-1: Ball
1-1: Ball
2-1: Fly out, F9 (Flyball, 9LS, EV 86.9 MPH)
Batting: SHB Tim Rodgers 0-0: Ground out 5-3 (Groundball, 56S, EV 88.1 MPH)
Batting: RHB Alex Munoz 0-0: Called Strike
0-1: Ball
1-1: Swinging Strike
1-2: Strikes out looking
Bottom of the 8th over - 0 runs, 0 hits, 0 errors, 0 left on base; Louisville 0 - Gwinnett 1
TOP OF THE 9TH
Louisville Bats batting - Pitching for Gwinnett Braves : LHP Mario Jimenez
Pitching: RHP Will Patterson
Batting: RHB Chase Briney 0-0: Ground out 4-3 (Groundball, 4, EV 85.0 MPH)
Batting: LHB Randy Racine 0-0: Called Strike
0-1: Fly out, F8 (Flyball, 8RD, EV 97.5 MPH)
Batting: SHB Tim Utz 0-0: Ball
1-0: Foul Ball, location: 2F
1-1: Ground out 5-3 (Groundball, 56, EV 86.9 MPH)
Top of the 9th over - 0 runs, 0 hits, 0 errors, 0 left on base; Louisville 0 - Gwinnett 1
Thursday, March 31st , 2022 - OOTP Baseball 22.12 Build 89